[Event "Titled Tuesday Blitz February 07 Early 2023"]
[White "Krzyzanowski, Marcin"]
[Black "Ajay, Karthikeyan"]
[WhiteFideId "1132199"]
[BlackFideId "35011685"]
[WhiteElo "2512"]
[BlackElo "2454"]
[Result "0-1"]
[Round "07"]
[TimeControl "180+2"]
[Date "2023.02.07"]
[WhiteClock "0:00:08"]
[BlackClock "0:00:17"]

1. Nf3 Nf6 2. g3 g6 3. Bg2 Bg7 4. O-O c5 5. c4 Nc6 6. d4 cxd4 7. Nxd4 O-O 8. Nc3 Qa5 9. Nb3 Qh5 10. e4 d6 11. Qxh5 Nxh5 12. Nd5 Nf6 13. Bg5 Nxd5 14. exd5 h6 15. dxc6 hxg5 16. cxb7 Bxb7 17. Bxb7 Rab8 18. Bg2 Rfc8 19. Rac1 Bxb2 20. Rc2 Be5 21. Rfc1 Kg7 22. c5 dxc5 23. Rxc5 Rxc5 24. Rxc5 Bd6 25. Rxg5 f5 26. h4 Kf6 27. f4 e5 28. h5 gxh5 29. Rxh5 exf4 30. Rh6+ Ke7 31. Bh3 fxg3 32. Bxf5 Bf4 33. Kg2 Bxh6 34. Kxg3 Kf6 35. Bd3 Ke5 36. Kf3 Bg5 37. Ke2 Rh8 38. Bb5 Rh2+ 39. Kd3 Rxa2 40. Kc4 Be3 41. Kd3 Ra3 42. Bc4 Bb6 43. Kc3 Ra4 44. Nc1 Ba5+ 45. Kd3 Rb4 46. Nb3 Bb6 47. Kc3 a5 48. Bd3 Kd5 49. Bc2 Rh4 50. Nc1 a4 51. Nd3 Rc4+ 52. Kb2 Bd4+ 53. Kb1 Bh8 54. Bd1 Rh4 55. Ka2 Kc6 56. Ka3 Kb5 57. Be2 Ka5 58. Nc5 Rh3+ 59. Nd3 Re3 60. Bf1 Bd4 61. Ka2 Rf3 62. Be2 Rh3 63. Ka3 Bc5+ 64. Ka2 Bd6 65. Kb2 Rh2 66. Nc1 Bf4 67. Nd3 Rxe2+ 68. Kc3 Bd6 69. Nb2 Rxb2 70. Kxb2 Kb4 71. Kc2 a3 72. Kc1 Kb3 73. Kb1 a2+ 74. Kc1 Kc3 75. Kd1 Kd3 76. Ke1 Bc5 77. Kf1 a1=Q+ 78. Kg2 Ke4 79. Kg3 Qg1+ 80. Kh3 Kf3 81. Kh4 Be7+ 82. Kh5 Qg5# 0-1


[Site "https://www.chess.com"]

[Event "Titled Tuesday Blitz February 07 Early 2023"]
[White "Md, Imran"]
[Black "Grigorjev, Iljya"]
[WhiteFideId "25748580"]
[BlackFideId "24159565"]
[WhiteElo "2284"]
[BlackElo "2426"]
[Result "0-1"]
[Round "07"]
[TimeControl "180+2"]
[Date "2023.02.07"]
[WhiteClock "0:01:27"]
[BlackClock "0:01:39"]

1. e4 e5 2. Nf3 Nc6 3. Bb5 a6 4. Ba4 Nf6 5. O-O b5 6. Bb3 Bc5 7. c3 d6 8. a4 Rb8 9. d4 Bb6 10. a5 Ba7 11. Be3 Bg4 12. Nbd2 exd4 13. cxd4 O-O 14. h3 Bh5 15. Qc2 Nb4 16. Qc3 c5 17. d5 Re8 18. Bg5 h6 19. Bh4 g5 20. Nxg5 hxg5 21. Bxg5 Re5 22. Rfe1 Rxg5 0-1


[Site "https://www.chess.com"]

[Event "Titled Tuesday Blitz February 07 Early 2023"]
[White "Borges Feria, Yasel"]
[Black "Alex_Sahakyan2006"]
[WhiteFideId "3504921"]
[WhiteElo "2439"]
[BlackElo "2712"]
[Result "0-1"]
[Round "07"]
[TimeControl "180+2"]
[Date "2023.02.07"]
[WhiteClock "0:00:23"]
[BlackClock "0:00:19"]

1. d4 Nf6 2. c4 c5 3. d5 b5 4. Qc2 b4 5. e4 d6 6. Bd3 g6 7. b3 Bg7 8. Bb2 O-O 9. Nf3 a5 10. a4 e5 11. dxe6 Bxe6 12. O-O Bg4 13. Nbd2 Nc6 14. h3 Bxf3 15. Nxf3 Nd7 16. Rad1 Bxb2 17. Qxb2 Nde5 18. Be2 Qf6 19. Kh1 Rad8 20. Rd5 Qf4 21. Rfd1 Qxe4 22. Rxd6 Rxd6 23. Rxd6 Nxf3 24. Bxf3 Qe1+ 25. Kh2 Nd4 26. Rd5 Qe7 27. Kg1 Re8 28. Kh2 Qc7+ 29. g3 Nxf3+ 30. Kg2 Nd4 0-1


[Site "https://www.chess.com"]

[Event "Titled Tuesday Blitz February 07 Early 2023"]
[White "Postny, Evgeny"]
[Black "Gascon Del Nogal, Jose Rafael"]
[WhiteFideId "2804344"]
[BlackFideId "3902463"]
[WhiteElo "2549"]
[BlackElo "2459"]
[Result "1-0"]
[Round "07"]
[TimeControl "180+2"]
[Date "2023.02.07"]
[WhiteClock "0:00:08"]
[BlackClock "0:00:02"]

1. Nf3 d5 2. c4 d4 3. g3 f6 4. Bg2 e5 5. d3 c5 6. O-O Nc6 7. Na3 Bd6 8. Nc2 Nge7 9. a3 a5 10. b3 O-O 11. Bd2 Be6 12. b4 axb4 13. axb4 Rxa1 14. Qxa1 b6 15. Rb1 Qa8 16. Qxa8 Rxa8 17. b5 Nd8 18. Nfxd4 Ra2 19. Nxe6 Nxe6 20. Rc1 Nd4 21. Nxd4 cxd4 22. Rd1 Bc5 23. f4 Nf5 24. fxe5 fxe5 25. Bd5+ Kh8 26. Rf1 g6 27. g4 Ne3 28. Bxe3 dxe3 29. Bf3 Kg7 30. g5 h6 31. Kg2 hxg5 32. Kg3 Kh6 33. Kg4 Bd4 34. Rc1 Bc5 35. Rg1 Bd4 36. Rf1 Bc5 37. Rd1 Bd4 38. Rb1 Bc5 39. Kg3 Bd4 40. Bg4 Bc5 41. Kf3 Ra8 42. Ke4 Bd4 43. Rf1 Kg7 44. Kd5 Rf8 45. Rb1 Rf4 46. h3 Rf6 47. Rb3 Kf7 48. Ra3 Kg7 49. Ra7+ Rf7 50. Ra8 Rf8 51. Ra4 Rd8+ 52. Kc6 Rf8 53. Ra7+ Rf7 54. Ra8 Rf6+ 55. Kd5 Rf7 56. Ra6 Rf8 57. Ra2 Rd8+ 58. Kc6 Rf8 59. Ra7+ Rf7 60. Ra8 Rf8 61. Rxf8 Kxf8 62. Kd5 Ke7 63. c5 bxc5 64. Kc6 Kd8 65. b6 c4 66. b7 Ba7 67. dxc4 e4 68. Be6 Bb8 69. Bg4 Bf4 70. c5 Bb8 71. Kb6 Bf4 72. c6 Bc7+ 73. Kc5 Bf4 74. Kb6 Be5 75. Ka7 Bd4+ 76. Ka8 Be5 77. b8=Q+ Bxb8 78. Kxb8 1-0


[Site "https://www.chess.com"]

[Event "Titled Tuesday Blitz February 07 Early 2023"]
[White "Vasquez Schroeder, Rodrigo"]
[Black "Shuvalova, Polina"]
[WhiteFideId "3400042"]
[BlackFideId "24171760"]
[WhiteElo "2524"]
[BlackElo "2484"]
[Result "1-0"]
[Round "07"]
[TimeControl "180+2"]
[Date "2023.02.07"]
[WhiteClock "0:00:30"]
[BlackClock "0:00:07"]

1. d4 Nf6 2. c4 e6 3. Nf3 d5 4. Nc3 c5 5. e3 Nc6 6. cxd5 exd5 7. Bb5 cxd4 8. exd4 Bg4 9. O-O Be7 10. Qd3 Bxf3 11. Qxf3 O-O 12. Bxc6 bxc6 13. Bf4 h6 14. b3 Bd6 15. Rac1 Re8 16. h3 Bxf4 17. Qxf4 Re6 18. Rfe1 Qd7 19. Na4 Rae8 20. Re5 Rxe5 21. dxe5 Ne4 22. f3 Ng5 23. Nc5 Qe7 24. Nd3 Ne6 25. Qg4 Rc8 26. f4 Qd7 27. h4 Nf8 28. f5 Re8 29. b4 d4 30. Qe4 Rc8 31. Rc4 Qe7 32. Rxd4 Re8 33. Qxc6 Rd8 34. Rxd8 Qxd8 35. Qc4 Nd7 36. Qd4 Qc7 37. a3 Kf8 38. Nc5 Nxc5 39. Qxc5+ Qxc5+ 40. bxc5 Ke7 41. Kf2 Kd7 42. Ke3 Kc6 43. Kd4 a6 44. g4 a5 45. a4 1-0


[Site "https://www.chess.com"]

[Event "Titled Tuesday Blitz February 07 Early 2023"]
[White "Seemann, Jakub"]
[Black "Paichadze, Luka"]
[WhiteFideId "21874697"]
[BlackFideId "13602934"]
[WhiteElo "2446"]
[BlackElo "2515"]
[Result "0-1"]
[Round "07"]
[TimeControl "180+2"]
[Date "2023.02.07"]
[WhiteClock "0:00:01"]
[BlackClock "0:00:26"]

1. c4 Nf6 2. Nc3 e5 3. e3 Bb4 4. Nge2 O-O 5. a3 Bxc3 6. Nxc3 c6 7. d4 e4 8. d5 d6 9. b3 c5 10. Bb2 Bf5 11. Be2 Nbd7 12. O-O Qe7 13. Qd2 Ne5 14. Rae1 Bg4 15. f3 exf3 16. gxf3 Bh3 17. f4 Ng6 18. e4 Bxf1 19. Bxf1 Nh5 20. e5 Nhxf4 21. exd6 Qxd6 22. Ne4 Qd7 23. Nxc5 Qg4+ 24. Kh1 Rfe8 25. d6 Qf3+ 26. Kg1 Qc6 27. Qd4 f6 28. Rxe8+ Rxe8 29. Nd3 Ne6 30. Qd5 Qxd5 31. cxd5 Nef8 32. Nc5 b6 33. Ne6 Kf7 34. Nc7 Rd8 35. Nb5 a6 36. Nc3 Rxd6 37. Bg2 Ne7 38. Ne4 Rd8 39. d6 Nf5 40. Bh3 Nxd6 0-1


[Site "https://www.chess.com"]

[Event "Titled Tuesday Blitz February 07 Early 2023"]
[White "Madaminov, Mukhiddin"]
[Black "Moksh Amit Doshi"]
[WhiteFideId "14210703"]
[BlackFideId "25064967"]
[WhiteElo "2422"]
[BlackElo "2401"]
[Result "1-0"]
[Round "07"]
[TimeControl "180+2"]
[Date "2023.02.07"]
[WhiteClock "0:01:15"]
[BlackClock "0:00:57"]

1. d4 Nf6 2. Nc3 d5 3. Bf4 e6 4. Nb5 Na6 5. e3 Be7 6. Be2 O-O 7. Nf3 Ne4 8. Nd2 Nxd2 9. Qxd2 c6 10. Nc3 Nc7 11. e4 b6 12. O-O-O Bd6 13. h4 Ba6 14. Bf3 dxe4 15. Nxe4 Bxf4 16. Qxf4 Nd5 17. Qe5 Rc8 18. h5 h6 19. g4 Qc7 20. g5 hxg5 21. Nd6 Qe7 22. Nxc8 Rxc8 23. h6 Qf6 24. hxg7 Qxe5 25. dxe5 Kxg7 26. Rdg1 f6 27. exf6+ Kxf6 28. Rh6+ Kf5 29. Bg4+ 1-0


[Site "https://www.chess.com"]

[Event "Titled Tuesday Blitz February 07 Early 2023"]
[White "Chernobay, Artem"]
[Black "Shimanov, Aleksandr"]
[WhiteFideId "4167406"]
[BlackFideId "4198603"]
[WhiteElo "2484"]
[BlackElo "2581"]
[Result "0-1"]
[Round "07"]
[TimeControl "180+2"]
[Date "2023.02.07"]
[WhiteClock "0:00:01"]
[BlackClock "0:00:10"]

1. e4 c6 2. d4 d5 3. Nd2 dxe4 4. Nxe4 Bf5 5. Ng3 Bg6 6. h4 h6 7. Nf3 Nd7 8. h5 Bh7 9. Bd3 Bxd3 10. Qxd3 e6 11. Bd2 a5 12. O-O-O Bb4 13. Ne4 Ngf6 14. g4 Nxe4 15. Qxe4 Nf6 16. Qe2 Qd5 17. Kb1 Qe4 18. Qxe4 Nxe4 19. Be3 a4 20. Ne5 a3 21. f3 Nf6 22. c3 Be7 23. b3 Rc8 24. Rd3 O-O 25. f4 c5 26. dxc5 Nd5 27. b4 Rfd8 28. Bd2 b6 29. cxb6 Nxb6 30. Rd1 Rxd3 31. Nxd3 Nd5 32. Kc2 Nxb4+ 33. Nxb4 Bxb4 34. Be1 Be7 35. Rd7 Kf8 36. Ra7 Ke8 37. Bd2 g6 38. g5 gxh5 39. gxh6 Kf8 40. f5 exf5 41. h7 Bf6 42. Bh6+ Ke8 43. Kb3 Rxc3+ 44. Kb4 Rc8 45. Kxa3 h4 46. Rb7 h3 47. Rb3 h2 48. Rb1 Rc3+ 49. Ka4 Rh3 50. Bf4 h1=Q 51. Rxh1 Rxh1 0-1


[Site "https://www.chess.com"]

[Event "Titled Tuesday Blitz February 07 Early 2023"]
[White "Makarian, Rudik"]
[Black "Tristan, Leonardo"]
[WhiteFideId "44105681"]
[BlackFideId "113816"]
[WhiteElo "2545"]
[BlackElo "2545"]
[Result "1-0"]
[Round "07"]
[TimeControl "180+2"]
[Date "2023.02.07"]
[WhiteClock "0:00:36"]
[BlackClock "0:00:02"]

1. d4 d5 2. c4 e6 3. Nf3 Nf6 4. Nc3 a6 5. cxd5 exd5 6. Bg5 Be6 7. Qb3 Nbd7 8. e3 b5 9. Bd3 c5 10. Qc2 c4 11. Bf5 Bd6 12. O-O h6 13. Bf4 Qc7 14. Bg3 O-O 15. Ne2 Bxg3 16. Nxg3 Qd6 17. Rfe1 Rae8 18. Rad1 Kh8 19. Bxe6 Qxe6 20. a3 Ne4 21. Nxe4 Qxe4 22. Qxe4 Rxe4 23. Nd2 Re6 24. Nb1 Rfe8 25. Nc3 Nb6 26. Re2 f5 27. Rde1 Kg8 28. f3 Kf7 29. Kf2 Ke7 30. h3 Kd6 31. g4 Rf8 32. Kg3 Ref6 33. Rf2 f4+ 34. exf4 Rxf4 35. Ne2 R4f6 36. Nc3 Kc6 37. f4 a5 38. f5 b4 39. axb4 axb4 40. Na2 Kb5 41. Re5 Ra8 42. Nc1 g5 43. fxg6 Rxg6 44. Ne2 Rd6 45. h4 Ra2 46. Nf4 c3 47. bxc3 Rxf2 48. Kxf2 bxc3 49. Ke2 Kc4 50. Re7 Kxd4 51. g5 hxg5 52. hxg5 Rc6 53. Kd1 Na4 54. Kc2 Rb6 55. Ne2+ Kc5 56. Ra7 Rb2+ 57. Kd3 Rd2+ 58. Ke3 d4+ 59. Kf3 c2 60. Nc1 Rd1 61. Rc7+ Kd5 62. Rxc2 Rg1 63. Nd3 Rxg5 64. Ra2 Nc5 65. Nxc5 Rf5+ 66. Kg4 Rf8 67. Nd3 Ke4 68. Ra3 Rg8+ 69. Kh3 Rh8+ 70. Kg2 Rg8+ 71. Kf2 Rh8 72. Ke2 Rh2+ 73. Nf2+ Kf4 74. Ra4 Ke5 75. Kf3 Kd5 76. Ra8 Rh7 77. Rc8 Re7 78. Rd8+ Kc4 79. Ne4 Rf7+ 80. Ke2 d3+ 81. Rxd3 Re7 82. Ke3 Re8 83. Rc3+ Kd5 84. Rc5+ Ke6 85. Ra5 Kf7 86. Kf4 Rf8 87. Ke5 Re8+ 88. Kf5 Rd8 89. Ra7+ Kf8 90. Kf6 Rb8 91. Ng5 Kg8 92. Rg7+ Kf8 93. Ne6+ Ke8 94. Re7# 1-0


[Site "https://www.chess.com"]

[Event "Titled Tuesday Blitz February 07 Early 2023"]
[White "Kozak, Adam"]
[Black "Pacan-Milej, Kosma"]
[WhiteFideId "753246"]
[BlackFideId "21800537"]
[WhiteElo "2572"]
[BlackElo "2402"]
[Result "1-0"]
[Round "07"]
[TimeControl "180+2"]
[Date "2023.02.07"]
[WhiteClock "0:00:20"]
[BlackClock "0:00:01"]

1. c4 Nf6 2. Nc3 g6 3. e4 d6 4. d4 Bg7 5. Nf3 O-O 6. Be2 e5 7. O-O Bg4 8. Be3 Bxf3 9. Bxf3 exd4 10. Bxd4 Nc6 11. Be3 Nd7 12. Be2 Re8 13. f3 Bxc3 14. bxc3 Nc5 15. Bd4 Qg5 16. Rb1 b6 17. Bf2 Ne6 18. Kh1 Nf4 19. g3 Nxe2 20. Qxe2 f5 21. Rb5 a6 22. Rd5 Ne7 23. Rd4 Nc6 24. Rd5 Qf6 25. Bd4 Nxd4 26. Rxd4 fxe4 27. Rxe4 Rxe4 28. Qxe4 Rf8 29. Qd4 Qxd4 30. cxd4 Re8 31. Kg2 Re3 32. c5 dxc5 33. dxc5 Re2+ 34. Kh3 Rxa2 35. Rd1 b5 36. Rd7 b4 37. Rxc7 a5 38. Ra7 a4 39. c6 a3 40. Rb7 Rc2 41. Rxb4 Rxc6 42. Ra4 Rc3 43. f4 Kg7 44. Kg4 h5+ 45. Kh4 Kh6 46. Ra6 Rc2 47. Kh3 a2 48. f5 Kh7 49. fxg6+ Kg7 50. Kh4 Rxh2+ 51. Kg5 Rb2 52. Ra7+ Kg8 53. Kh6 Rb8 54. Rxa2 1-0


[Site "https://www.chess.com"]

[Event "Titled Tuesday Blitz February 07 Early 2023"]
[White "Vlassov, Nikolai"]
[Black "Ozen, Bahadir"]
[WhiteFideId "4103360"]
[BlackFideId "6337058"]
[WhiteElo "2283"]
[BlackElo "2369"]
[Result "1/2-1/2"]
[Round "07"]
[TimeControl "180+2"]
[Date "2023.02.07"]
[WhiteClock "0:00:28"]
[BlackClock "0:00:26"]

1. e4 d6 2. f4 e6 3. Nf3 Ne7 4. Nc3 a6 5. d4 b5 6. Be3 Bb7 7. Bd3 Nd7 8. Qd2 Nf6 9. a3 g6 10. O-O-O Qd7 11. Rhg1 Ng4 12. Kb1 Nxe3 13. Qxe3 Bg7 14. g4 O-O-O 15. f5 exf5 16. gxf5 Kb8 17. Ng5 Nc6 18. Bf1 Rde8 19. Nd5 Ne7 20. Nxe7 Qxe7 21. Qb3 Bf6 22. Nxf7 Rhf8 23. fxg6 hxg6 24. e5 Qxf7 25. Qxf7 Rxf7 26. exf6 Rxf6 27. Bd3 Rh8 28. Rd2 Rh6 29. c3 Ka7 30. b4 Kb6 31. Kc2 c5 32. dxc5+ dxc5 33. bxc5+ Kxc5 34. Rg5+ Kb6 35. c4 bxc4 36. Bxc4 Rc6 37. Kb3 Rh3+ 38. Rg3 Rxg3+ 39. hxg3 Rf6 1/2-1/2


[Site "https://www.chess.com"]

[Event "Titled Tuesday Blitz February 07 Early 2023"]
[White "Ivic, Velimir"]
[Black "Averjanov, Alexey"]
[WhiteFideId "950122"]
[BlackFideId "14109867"]
[WhiteElo "2595"]
[BlackElo "2399"]
[Result "0-1"]
[Round "07"]
[TimeControl "180+2"]
[Date "2023.02.07"]
[WhiteClock "0:00:08"]
[BlackClock "0:00:06"]

1. e4 c6 2. Nf3 d5 3. Nc3 Bg4 4. h3 Bxf3 5. Qxf3 dxe4 6. Nxe4 Nd7 7. d4 Ngf6 8. c3 Nxe4 9. Qxe4 Nf6 10. Qf3 e6 11. Be2 Be7 12. O-O O-O 13. Bf4 Nd5 14. Bd2 Bg5 15. Be1 b5 16. a4 a6 17. g3 g6 18. h4 Bh6 19. Qe4 Qd6 20. Bf3 Bg7 21. Bd2 h5 22. Rfe1 Rfb8 23. Qd3 Qd7 24. Ra2 Nb6 25. axb5 axb5 26. Rea1 Rxa2 27. Rxa2 Qb7 28. Bf4 Ra8 29. Rxa8+ Qxa8 30. Kg2 Nd5 31. Bd2 Qa1 32. b3 Qa3 33. Qc2 Qa1 34. Be4 Ne7 35. Bg5 Nd5 36. Bd2 Ne7 37. Qb1 Qxb1 38. Bxb1 Nd5 39. Kf3 Kf8 40. Be4 Ke7 41. Ke2 Kd7 42. Kd3 Nf6 43. Bf3 Nd5 44. c4 bxc4+ 45. bxc4 Nf6 46. Bf4 Ng4 47. Bxg4 hxg4 48. Be5 f6 49. Bf4 f5 50. Ke3 c5 51. dxc5 e5 52. Bg5 Kc6 53. Be7 Bh6+ 54. Ke2 e4 55. Bd6 Bc1 56. Be7 Ba3 57. Ke3 Bxc5+ 58. Bxc5 Kxc5 59. Kf4 Kxc4 60. Kg5 Kd3 61. Kxg6 f4 62. h5 e3 63. fxe3 fxg3 64. h6 g2 65. h7 g1=Q 66. h8=Q Qxe3 67. Qd8+ Ke2 68. Qc8 g3 69. Qc2+ Kf3 70. Qf5+ Kg2 71. Qd5+ Kg1 72. Qd1+ Kf2 73. Qc2+ Qe2 74. Qc5+ Kf1 75. Qf5+ Kg1 76. Qc5+ Kh2 77. Qc7 Qf3 78. Kh7 Kh1 79. Qc1+ Kh2 80. Qc7 Kh3 81. Qc8+ Kg2 82. Qc2+ Qf2 83. Qc6+ Kh2 84. Qc7 Kh1 85. Qc1+ Kg2 86. Qc6+ Kg1 87. Qc1+ Qf1 88. Qc5+ Kh2 89. Qc6 g2 90. Qc7+ Kh1 91. Qc6 Qf4 92. Kh8 Kh2 93. Qc2 Kg3 94. Qd3+ Qf3 95. Qd6+ Qf4 96. Qd3+ Kh2 97. Qc2 Kh1 98. Qc6 Kg1 99. Qc5+ Kf1 100. Qb5+ Kf2 101. Qb2+ Kg3 102. Qa3+ Kh4 103. Qe7+ Qg5 104. Qe4+ Kh3 105. Qd3+ Kh2 106. Qc2 Kh1 107. Qc6 Kh2 108. Qc7+ Qg3 109. Qc2 Kh1 110. Qc6 Kh2 111. Qc2 Kg1 112. Qc1+ Kf2 113. Qc2+ Kf3 114. Qc3+ Kg4 115. Qc8+ Kf4 116. Qc7+ Kf3 117. Qc6+ Ke2 118. Qc2+ Kf1 119. Qc1+ Qe1 120. Qc4+ Qe2 121. Qc1+ Kf2 122. Qc5+ Kg3 123. Qc7+ Kf3 124. Qc6+ Kg4 125. Qc8+ Kg5 126. Qc5+ Kh6 127. Qc6+ Kg5 128. Qc5+ Kg6 129. Qc6+ Kf5 130. Qc5+ Kf6 131. Qc6+ Kf5 132. Qd5+ Qe5+ 133. Qxe5+ Kxe5 0-1


[Site "https://www.chess.com"]

[Event "Titled Tuesday Blitz February 07 Early 2023"]
[White "Manukyan, Sargis A."]
[Black "Kaasen, Tor Fredrik"]
[WhiteFideId "13303970"]
[BlackFideId "1516647"]
[WhiteElo "2158"]
[BlackElo "2480"]
[Result "1/2-1/2"]
[Round "07"]
[TimeControl "180+2"]
[Date "2023.02.07"]
[WhiteClock "0:00:10"]
[BlackClock "0:00:10"]

1. d4 Nf6 2. c4 g6 3. Nc3 Bg7 4. Nf3 O-O 5. h3 d6 6. Bf4 Nbd7 7. e3 Qe8 8. Be2 e5 9. dxe5 dxe5 10. Bg3 c6 11. Qc2 Qe7 12. O-O Re8 13. a3 a5 14. b3 Nh5 15. Bh2 f5 16. Rfd1 Nc5 17. b4 axb4 18. axb4 Rxa1 19. Rxa1 Na6 20. b5 Nc5 21. bxc6 bxc6 22. Nd2 Nf6 23. Nb3 Nfd7 24. Nxc5 Nxc5 25. Na4 Be6 26. Bg3 Ra8 27. Ra2 Qa7 28. Nc3 Qb8 29. Rb2 Qa7 30. Ra2 Qb8 31. Rb2 Qc8 32. Ra2 h6 33. Kh2 Kh7 34. f3 Rxa2 35. Nxa2 Qb7 36. Nc1 e4 37. Bd6 Qb6 38. f4 Nb7 39. Ba3 Qxe3 40. Qb3 Qxf4+ 41. Kh1 Na5 42. Qa4 Qd2 43. Qd1 Qxd1+ 44. Bxd1 Nxc4 45. Bc5 f4 46. Nb3 Bd5 47. Kg1 g5 48. Kf1 Kg6 49. Bc2 Bc3 50. Nd4 Bxd4 51. Bxd4 Kf5 52. Ke2 h5 53. Kf2 g4 54. hxg4+ hxg4 55. g3 Kg5 56. gxf4+ Kxf4 57. Ba7 g3+ 58. Ke2 e3 59. Bb8+ Kg4 60. Bd3 Bf3+ 61. Ke1 Nb2 62. Bf1 g2 63. Bxg2 Bxg2 64. Ke2 Nc4 65. Kd3 Bd5 66. Ba7 Kf3 67. Bd4 e2 68. Bc3 Kf2 69. Kd4 e1=Q 70. Bxe1+ Kxe1 71. Kc5 Kd2 72. Kb4 Kd3 73. Kc5 Kc3 1/2-1/2


[Site "https://www.chess.com"]

[Event "Titled Tuesday Blitz February 07 Early 2023"]
[White "Megalios, Konstantinos"]
[Black "Harsh Suresh"]
[WhiteFideId "4238044"]
[BlackFideId "45018464"]
[WhiteElo "2372"]
[BlackElo "2298"]
[Result "1-0"]
[Round "07"]
[TimeControl "180+2"]
[Date "2023.02.07"]
[WhiteClock "0:00:23"]
[BlackClock "0:00:14"]

1. Nf3 d5 2. g3 g6 3. c4 c6 4. Qa4 dxc4 5. Qxc4 Bg7 6. Bg2 Nf6 7. O-O O-O 8. d3 Be6 9. Qc2 Na6 10. a3 Nc7 11. Nbd2 a5 12. b3 Nd7 13. Bb2 Bxb2 14. Qxb2 Bd5 15. e4 Be6 16. d4 Bg4 17. Nc4 Bxf3 18. Bxf3 e6 19. Rfd1 Qf6 20. Bg2 Rfd8 21. Nd6 e5 22. Nxb7 Rdb8 23. Nc5 Nxc5 24. dxc5 Nb5 25. f4 Re8 26. a4 Nc7 27. Rd6 Qe7 28. Rxc6 Ne6 29. Qxe5 Rab8 30. Qd6 Qf6 31. e5 Qf5 32. Rb6 Rbc8 33. c6 Red8 34. Qe7 Rd2 35. Re1 Nxf4 36. gxf4 Qg4 37. Qg5 Rxg2+ 38. Kh1 Qxg5 39. fxg5 Rxg5 40. Rc1 Rxe5 41. c7 Ree8 42. Ra6 Re7 43. Rxa5 Rexc7 44. Rxc7 Rxc7 45. b4 Rc1+ 46. Kg2 Rc2+ 47. Kg3 Rb2 48. Rb5 Ra2 49. a5 Kf8 50. Rb6 Ke7 51. a6 h5 52. b5 g5 53. Rb7+ Kd6 54. a7 Ra3+ 55. Kf2 h4 56. b6 Ra2+ 57. Kf3 f5 58. Rb8 Ra3+ 59. Ke2 Ra2+ 60. Kd1 g4 61. a8=Q Rxa8 62. Rxa8 Kc6 63. Rb8 f4 64. Ke2 h3 65. Kf2 g3+ 66. hxg3 h2 67. Kg2 fxg3 68. Rg8 Kxb6 69. Rxg3 h1=Q+ 70. Kxh1 Kc5 71. Kg2 Kd5 72. Kf3 Ke5 73. Rg4 Kf6 74. Re4 Kf5 75. Ke3 Kg5 76. Kf3 Kf5 77. Ke3 Kg5 78. Rf4 Kg6 79. Kf3 Kg5 80. Ke4 Kg6 81. Rf5 Kh6 82. Ke5 Kg6 83. Rf6+ Kg5 84. Rf5+ Kg6 85. Kf4 Kh6 86. Rg5 Kh7 87. Kf5 Kh6 88. Kf6 Kh7 89. Rg4 Kh6 90. Rh4# 1-0


[Site "https://www.chess.com"]

[Event "Titled Tuesday Blitz February 07 Early 2023"]
[White "Panesso Rivera, Henry"]
[Black "Harsha Bharathakoti"]
[WhiteFideId "4402707"]
[BlackFideId "5078776"]
[WhiteElo "2342"]
[BlackElo "2602"]
[Result "0-1"]
[Round "07"]
[TimeControl "180+2"]
[Date "2023.02.07"]
[WhiteClock "0:00:05"]
[BlackClock "0:01:12"]

1. Nf3 c5 2. c4 Nc6 3. e3 Nf6 4. Nc3 e6 5. d4 d5 6. a3 cxd4 7. exd4 Be7 8. c5 O-O 9. Bb5 Ne4 10. Bxc6 Nxc3 11. bxc3 bxc6 12. Bf4 Ba6 13. h4 f6 14. h5 e5 15. dxe5 Bxc5 16. h6 fxe5 17. Bxe5 Qe7 18. hxg7 Rxf3 19. Qxf3 Qxe5+ 20. Kd2 Qg5+ 21. Kc2 Qg6+ 22. Kd2 Rb8 23. Ra2 Bc4 24. Qf4 Re8 25. Re1 Qd3+ 0-1


[Site "https://www.chess.com"]

[Event "Titled Tuesday Blitz February 07 Early 2023"]
[White "Vakhlamov, Igor L."]
[Black "Han, Yichen"]
[WhiteFideId "24126748"]
[BlackFideId "1054430"]
[WhiteElo "2413"]
[BlackElo "2413"]
[Result "1-0"]
[Round "07"]
[TimeControl "180+2"]
[Date "2023.02.07"]
[WhiteClock "0:02:42"]
[BlackClock "0:02:24"]

1. e4 e5 2. Nf3 Nc6 3. Nc3 Nf6 4. Bb5 Nd4 5. Nxd4 exd4 6. e5 dxc3 7. exf6 Qxf6 8. dxc3 c6 9. Bd3 d5 10. O-O Be6 11. Qh5 Bd6 12. Bg5 Qe5 13. Rae1 g6 14. Qh6 1-0


[Site "https://www.chess.com"]

[Event "Titled Tuesday Blitz February 07 Early 2023"]
[White "Murzin, Volodar"]
[Black "tuschessCM1"]
[WhiteFideId "44155573"]
[WhiteElo "2604"]
[BlackElo "2638"]
[Result "0-1"]
[Round "07"]
[TimeControl "180+2"]
[Date "2023.02.07"]
[WhiteClock "0:00:01"]
[BlackClock "0:00:38"]

1. e4 c6 2. d4 d5 3. exd5 cxd5 4. Bd3 Nc6 5. c3 Nf6 6. Bf4 Bg4 7. Qb3 Qd7 8. Nd2 e6 9. Ngf3 Bxf3 10. Nxf3 Bd6 11. Ne5 Qc7 12. Bb5 Nd7 13. Nxd7 Bxf4 14. Nc5 O-O 15. Bxc6 Qxc6 16. Nd3 Bd6 17. O-O b5 18. a3 a5 19. Rfc1 Rab8 20. Qd1 Rfc8 21. g3 g6 22. h4 h5 23. Kg2 Qb7 24. g4 Qe7 25. Kh3 Qf6 26. Qe2 b4 27. axb4 axb4 28. Ra6 Rd8 29. g5 Qf5+ 30. Kg2 Rbc8 31. Qf3 Qe4 32. Qxe4 dxe4 0-1


[Site "https://www.chess.com"]

[Event "Titled Tuesday Blitz February 07 Early 2023"]
[White "Kosakowski, Jakub"]
[Black "Martynov, Pavel"]
[WhiteFideId "1185080"]
[BlackFideId "4101260"]
[WhiteElo "2485"]
[BlackElo "2414"]
[Result "1-0"]
[Round "07"]
[TimeControl "180+2"]
[Date "2023.02.07"]
[WhiteClock "0:01:23"]
[BlackClock "0:00:01"]

1. d4 d5 2. c4 e6 3. Nf3 c5 4. Nc3 Nc6 5. cxd5 exd5 6. g3 Nf6 7. Bg2 Be7 8. O-O O-O 9. Bg5 cxd4 10. Nxd4 h6 11. Bf4 Bg4 12. Qd2 Qd7 13. Rfd1 Rfd8 14. Rac1 Rac8 15. Nb3 d4 16. Nb5 Bb4 17. Bxc6 Bxd2 18. Bxd7 Rxc1 19. Nxc1 Bxf4 20. Bxg4 Bxc1 21. Rxc1 Nxg4 22. Rd1 Rd5 23. Nxd4 Ne5 24. e3 g6 25. Rc1 Rd7 26. Kg2 h5 27. b3 a6 28. Rc5 Nd3 29. Rc8+ Kg7 30. a4 Nb4 31. Rc4 Nd3 32. a5 Rd5 33. b4 Kg8 34. f4 Kg7 35. Kf3 Rd6 36. Ke2 Nb2 37. Rc7 b6 38. Rc6 Rxc6 39. Nxc6 Nc4 40. Kd3 b5 41. Nb8 1-0


[Site "https://www.chess.com"]

[Event "Titled Tuesday Blitz February 07 Early 2023"]
[White "Kvaloy, Aksel Bu"]
[Black "Fier, Alexandr"]
[WhiteFideId "1528815"]
[BlackFideId "2107139"]
[WhiteElo "2321"]
[BlackElo "2589"]
[Result "0-1"]
[Round "07"]
[TimeControl "180+2"]
[Date "2023.02.07"]
[WhiteClock "0:00:04"]
[BlackClock "0:01:40"]

1. d4 Nf6 2. c4 c5 3. d5 e6 4. Nc3 exd5 5. cxd5 d6 6. Nf3 g6 7. g3 Bg7 8. Bg2 O-O 9. O-O Re8 10. h3 Ne4 11. Nxe4 Rxe4 12. Nd2 Rb4 13. Qc2 Nd7 14. a3 Rb6 15. Nc4 Ra6 16. Bf4 Nf6 17. e4 b5 18. Nxd6 Nh5 19. e5 Nxf4 20. gxf4 Rxd6 21. exd6 Qxd6 22. Rac1 c4 23. a4 a6 24. Qe2 Bd7 25. Rfe1 Qxf4 26. d6 Rf8 27. Qe7 Bxb2 28. Rcd1 c3 29. Qxd7 c2 30. Qg4 cxd1=Q 31. Rxd1 Qxg4 32. hxg4 bxa4 33. d7 Rd8 34. Bc6 a3 35. Re1 a2 36. Re8+ Kg7 37. Rxd8 a1=Q+ 38. Kg2 Bf6 39. Re8 Qd4 40. Ra8 Qxg4+ 41. Kf1 Qc4+ 42. Kg2 Qxc6+ 0-1


[Site "https://www.chess.com"]

[Event "Titled Tuesday Blitz February 07 Early 2023"]
[White "Rakhmatullaev, Almas"]
[Black "Korchmar, Vasiliy"]
[WhiteFideId "14205793"]
[BlackFideId "24131750"]
[WhiteElo "2275"]
[BlackElo "2438"]
[Result "1-0"]
[Round "07"]
[TimeControl "180+2"]
[Date "2023.02.07"]
[WhiteClock "0:00:20"]
[BlackClock "0:00:02"]

1. e4 c5 2. c3 Nf6 3. e5 Nd5 4. d4 cxd4 5. Qxd4 e6 6. Nf3 Nc6 7. Qe4 f5 8. Qe2 b5 9. Qd1 Rb8 10. Bd3 Be7 11. Bxf5 Nxc3 12. Nxc3 exf5 13. O-O O-O 14. Re1 Kh8 15. Bf4 g5 16. Be3 f4 17. Bd4 g4 18. e6+ Nxd4 19. Qxd4+ Bf6 20. e7 Qxe7 21. Rxe7 Bxd4 22. Nxd4 b4 23. Ne4 Bb7 24. Ng5 h6 25. Nf7+ Kg7 26. Nd6+ Kf6 27. Rxd7 Rbd8 28. Rxb7 Rxd6 29. Nb3 Rfd8 30. Rf1 Rd1 31. Rxb4 Kg5 32. f3 h5 33. Re4 R8d3 34. fxg4 Rxf1+ 35. Kxf1 hxg4 36. Ke2 Rd7 37. Nd4 Rh7 38. h3 gxh3 39. Nf3+ Kg4 40. gxh3+ Rxh3 41. Nd2 Rh2+ 42. Kd3 Kg3 43. Nf1+ 1-0


[Site "https://www.chess.com"]